AoeStats
← joycebb96

Arena

510082411Analyzed
2v2 RM · 1d ago on Sep 29, 2026· 23m 1s· 4 players
Game mode
Random Map
Map size
Medium (4 player)
Population
200
Speed
Normal
Resources
Standard
Victory
Conquest
Starting age
Dark Age
Ending age
Imperial Age
RankedLock teamsTeams togetherTeam positionsShared explorationLock speedFull tech treeHidden civsTurbo modeCheats
Victory
Defeat
🇹🇷 Japanese · Türkiye
1132
+13
🇳🇱 Armenians · Netherlands
1066
+16
🇭🇰 Mongols · Hong Kong SAR China
1088
-15
🇭🇰 Goths · Hong Kong SAR China
1051
-14
De_Profeet
11:16 Feudal Age
11:37 Horse Collar
11:54 Double-Bit Axe
11:58 Man-at-Arms
12:41 Long Swordsman
14:46 Scale Mail Armor
21:26 Castle Age
19:21 Gold Mining
21:25 Wheelbarrow
23:04 Bow Saw
22:56 Heavy Plow
BISIKLET SUREN PRAGMATIST
10:54 Feudal Age
15:10 Castle Age
13:04 Double-Bit Axe
18:07 Man-at-Arms
18:34 Arson
19:17 Long Swordsman
23:31 Bow Saw
ROnaLD_G4
9:41 Feudal Age
13:41 Castle Age
12:21 Double-Bit Axe
13:05 Horse Collar
15:10 Bow Saw
17:10 Husbandry
17:14 Gold Mining
18:05 Bloodlines
19:36 Heavy Plow
21:35 Wheelbarrow
joycebb96
7:34 Loom
10:35 Feudal Age
15:23 Castle Age
14:20 Double-Bit Axe
14:50 Horse Collar
17:44 Heavy Plow
Connection lost

Rejoining the realm…

Still unreachable

The connection could not be restored.

Session expired

The server has moved on; the page needs a fresh start.